 Dungeon Crawl Stone Soup version 0.22.1-2-g9c5b331383 (webtiles) character file.

127337 Kondratello the Severer (level 17, -4/128 HPs)
             Began as a Formicid Fighter on Dec 21, 2018.
             Was the Champion of Okawaru.
             Slain by a titanic slime creature (35 damage)
             ... on level 1 of the Swamp.
             The game lasted 00:54:36 (22014 turns).

Kondratello the Severer (Formicid Fighter)         Turns: 22014, Time: 00:54:38

Health: -4/128     AC: 35    Str: 27    XL:     17   Next: 55%
Magic:  0/17       EV:  6    Int: 17    God:    Okawaru [******]
Gold:   1683       SH: 20    Dex:  7    Spells: 16/16 levels left

rFire    + . .     SeeInvis +   b - +12 battleaxe "Hitas" {chop, Int+3}
rCold    + . .     Gourm    .   V - +0 large shield "Halyroy" {Slay+6}
rNeg     + . .     Faith    .   W - +2 crystal plate armour
rPois    .         Spirit   +   (helmet unavailable)
rElec    .         Reflect  .   Z - +2 cloak
rCorr    .         Harm     .   m - +1 pair of gloves
MR       .....                  P - +1 pair of boots {Stlth+}
Stlth    ..........             O - amulet "Home" {Spirit MR- Int+3 Dex-3 Slay+5}
HPRegen  0.31/turn              Y - ring of protection from cold
MPRegen  0.15/turn              o - ring of Cihogi {rF+ rN+}

@: lethally poisoned (-4 -> -30), studying 2 skills
A: permanent stasis, dig shafts and tunnels, four strong arms, antennae 3,
clever 1, sense surroundings 1, subdued magic 1
a: Dig, Shaft Self, Heroism, Finesse, Renounce Religion


You were on level 1 of the Swamp.
You worshipped Okawaru.
Okawaru was exalted by your worship.
You were not hungry.

You visited 6 branches of the dungeon, and saw 26 of its levels.
You visited the Abyss 1 time.
You also visited: Ossuary.

You collected 2783 gold pieces.
You spent 1100 gold pieces at shops.

Inventory:

Hand Weapons
 b - the +12 battleaxe "Hitas" (weapon) {chop, Int+3}
   (You bought it in a shop on level 7 of the Dungeon)

   It inflicts extra damage upon your enemies.
   It affects your intelligence (+3).
 n - a +3 quarterstaff of chaos
 K - a +0 vampiric broad axe
Armour
 m - a +1 pair of gloves (worn)
 P - a +1 pair of boots of stealth (worn)
 V - the +0 large shield "Halyroy" (worn) {Slay+6}
   (Okawaru gifted it to you on level 15 of the Dungeon)

   It affects your accuracy and damage with ranged weapons and melee attacks
   (+6).
 W - a +2 crystal plate armour (worn)
 Z - a +2 cloak (worn)
Jewellery
 o - the ring of Cihogi (right hand) {rF+ rN+}
   (You found it on level 6 of the Lair of Beasts)

   [ring of positive energy]

   It protects you from fire.
   It protects you from negative energy.
 r - an uncursed ring of ice
 s - an uncursed ring of resist corrosion
 A - an uncursed amulet of regeneration
 D - an uncursed ring of protection from magic
 O - the amulet "Home" (around neck) {Spirit MR- Int+3 Dex-3 Slay+5}
   (You acquired it on level 1 of the Snake Pit)

   [amulet of guardian spirit]

   It causes incoming damage to be split between your health and magic.
   It affects your intelligence (+3).
   It affects your dexterity (-3).
   It affects your accuracy and damage with ranged weapons and melee attacks
   (+5).
   It affects your resistance to hostile enchantments.
 Q - an uncursed ring of flight
 Y - a ring of protection from cold (left hand)
Wands
 t - a wand of scattershot (1)
 u - a wand of iceblast (18)
 v - a wand of clouds (5)
 C - a wand of polymorph (42)
 E - a wand of paralysis (48)
 I - a wand of digging (39)
 J - a wand of acid (6)
 N - a wand of disintegration (27)
 R - a wand of flame (40)
Scrolls
 e - 3 scrolls of fog
 i - 3 scrolls of magic mapping
 j - 19 scrolls of identify
 l - 11 scrolls of remove curse
 q - 2 scrolls of fear
 x - 2 scrolls of brand weapon {unknown}
 y - 2 scrolls of summoning {unknown}
 z - 8 scrolls of enchant weapon {unknown}
 B - 5 scrolls of enchant armour {unknown}
 G - 5 scrolls of immolation {unknown}
 H - a scroll of vulnerability {unknown}
 M - a scroll of torment {unknown}
 S - 4 scrolls of amnesia
Potions
 a - 4 potions of brilliance
 c - a potion of ambrosia {unknown}
 d - 3 potions of might
 g - 6 potions of heal wounds
 h - 2 potions of mutation
 k - 2 potions of invisibility
 p - 8 potions of curing
 w - 3 potions of agility
 L - 3 potions of lignification
 T - a potion of flight {unknown}
 U - 2 potions of resistance {unknown}
Books
 F - a manual of Long Blades
 X - a manual of Slings
Comestibles
 f - 43 rations


   Skills:
 - Level 10.0 Fighting
 - Level 20.0 Axes
 - Level 2.0 Staves
 - Level 16.0 Armour
 + Level 14.7 Shields


You had 16 spell levels left.
You didn't know any spells.
Your spell library contained the following spells:

 Spells                   Type           Power        Failure   Level  Hunger
 Flame Tongue             Conj/Fire      #....        99%         1    ##.....
 Freeze                   Ice            #...         99%         1    ##.....
 Magic Dart               Conj           #...         99%         1    ##.....
 Sandblast                Erth           #.....       99%         1    ##.....
 Passwall                 Tmut/Erth      #.......     100%        2    ###....
 Poisonous Vapours        Pois/Air       #.....       100%        2    ###....
 Searing Ray              Conj           #.....       100%        2    ###....
 Throw Flame              Conj/Fire      #.....       100%        2    ###....
 Throw Frost              Conj/Ice       #.....       100%        2    ###....
 Conjure Flame            Conj/Fire      #.......     100%        3    ####...
 Dazzling Spray           Conj/Hex       #.....       100%        3    ####...
 Inner Flame              Hex/Fire       #.......     100%        3    ####...
 Mephitic Cloud           Conj/Pois/Air  #.......     100%        3    ####...
 Ozocubu's Armour         Chrm/Ice       #.......     100%        3    ####...
 Stone Arrow              Conj/Erth      #.....       100%        3    ####...
 Cause Fear               Hex            #.........   100%        4    #####..
 Force Lance              Conj/Tloc      #.......     100%        4    #####..
 Fulminant Prism          Conj/Hex       #.........   100%        4    #####..
 Iskenderun's Mystic Bla  Conj           #.......     100%        4    #####..
 Petrify                  Tmut/Erth      #.......     100%        4    #####..
 Sticky Flame             Conj/Fire      #.......     100%        4    #####..
 Summon Ice Beast         Ice/Summ       #.......     100%        4    #####..
 Throw Icicle             Conj/Ice       #.......     100%        4    #####..
 Fireball                 Conj/Fire      #.........   100%        5    ######.
 Lee's Rapid Deconstruct  Erth           #.........   100%        5    ######.
 Silence                  Hex/Air        #.........   100%        5    ######.
 Yara's Violent Unravell  Hex/Tmut       #.........   100%        5    ######.
 Deflect Missiles         Chrm/Air       #.........   100%        6    #######
 Freezing Cloud           Conj/Ice/Air   #.........   100%        6    #######
 Ring of Flames           Chrm/Fire      #.........   100%        7    #######
 Discord                  Hex            #.........   100%        8    #######


Dungeon Overview and Level Annotations

Branches:
Dungeon (15/15)            Temple (1/1) D:6            Lair (6/6) D:9
  Swamp (1/4) Lair:4        Snake (1/4) Lair:4        Slime (0/5) Lair:6
    Orc (2/2) D:12            Elf (0/3) Orc:2        Vaults (0/5) D:13
 Depths (0/5) D:15

Altars:
Ashenzari
Cheibriados
Dithmenos
Elyvilon
Fedhas
Gozag
Hepliaklqana
Kikubaaqudgha
Makhleb
Nemelex Xobeh
Okawaru
Qazlal
Ru
Sif Muna
Trog
Uskayaw
Vehumet
Wu Jian
Xom
Yredelemnul
Zin
The Shining One
Beogh
Jiyva

Shops:
D:7 (*   D:11 *   D:12 %   Orc:2 (}??:   Snake:1 %


Innate Abilities, Weirdness & Mutations

You cannot be hasted, slowed, berserked, paralysed or teleported.
You can dig through walls and to a lower floor.
Your four strong arms can wield two-handed weapons with a shield.
You have a pair of large antennae on your head. (SInv)
Your mind is acute. (Int +2)
You passively map a small area around you.
Your spells are a little easier to cast, but a little less powerful.


Message History

You are more poisoned.
* * * LOW HITPOINT WARNING * * *
You feel very sick.
* * * LOW HITPOINT WARNING * * *
You feel very sick.
You feel better.
You block the titanic slime creature's attack.
The swamp dragon breathes poison at you.
The blast of poison engulfs you!
You are poisoned.
You are engulfed in poison gas.
You are more poisoned.
* * * LOW HITPOINT WARNING * * *
You feel sick.
You are engulfed in poison gas.
You are more poisoned.
* * * LOW HITPOINT WARNING * * *
You feel very sick. The titanic slime creature hits you!!!
You die...

♣♣♣§.≈≈≈...♣≈♣♣♣≈♣♣♣♣♣♣♣♣≈
♣♣♣..≈♣...§♣♣.≈♣...♣ ♣♣
♣♣♣♣♣♣..♣♣..††≈≈♣♣♣♣
♣♣♣♣.≈...≈.♣♣≈♣♣♣ **
♣♣.≈≈≈.♣♣♣♣♣≈.≈♣
♣♣♣..≈≈≈.♣♣ ♣≈≈≈≈ ≈
♣§...≈≈≈.≈♣♣♣♣.≈≈≈
,,*♣≈..§≈≈≈.♣♣....≈≈≈ ≈
♣@§§§≈≈≈♣♣♣..≈≈≈≈≈ ≈≈≈
♣§JD§§§.§♣♣♣.≈≈≈≈≈ ,
♣§§§§..≈.....≈≈≈≈. , *
♣♣§§..≈♣≈.≈...≈..≈ ≈
♣♣♣.§.♣♣♣♣..♣♣♣.≈♣
♣≈..♣.♣....♣♣ ♣♣♣♣ , ≈
♣♣♣≈.♣...♣♣♣, * ♣♣..≈.♣♣≈
♣♣♣♣♣♣ ≈ ≈


You could see a swamp dragon and a titanic slime creature.

Vanquished Creatures
  A nagaraja (Snake:1)
  2 orc warlords (Orc:2)
  A deep elf sorcerer (Abyss:2)
  2 entropy weavers (D:13)
  2 very ugly things (D:12)
  The ghost of definar the Protected, a journeyman MiBe of Trog (Lair:2)
  An entropy weaver (shapeshifter) (Lair:6)
  A death ooze (Lair:2)
  2 fire dragons
  A great orb of eyes (Abyss:2)
  Fannar (Orc:1)
  4 vault guards (D:13)
  Erolcha (Orc:2)
  An ice dragon (shapeshifter) (Lair:5)
  2 ogre magi
  4 naga warriors (Snake:1)
  4 hydras
  7 centaur warriors
  A dancing weapon (D:5)
  3 tengu warriors (D:12)
  3 anacondas (Snake:1)
  A death knight (D:12)
  5 death yaks (Lair:3)
  6 two-headed ogres
  A queen ant (D:13)
  A thrashing horror (Abyss:2)
  A naga sharpshooter (Snake:1)
  Nergalle (Orc:2)
  2 skeletal warriors (D:15)
  A fire crab (Lair:6)
  An unseen horror (D:13)
  A flayed ghost (D:15)
  A swamp dragon (Swamp:1)
  A necromancer (D:15)
  2 wizards
  A mana viper (Snake:1)
  A sphinx zombie (D:15)
  17 ugly things
  10 orc sorcerers
  An orc knight (D:12)
  4 deep elf magi (D:12)
  2 cyclopes (D:13)
  2 manticores (D:12)
  A worldbinder (Abyss:2)
  3 salamanders (Snake:1)
  2 frost giant zombies
  2 molten gargoyles (Lair:6)
  8 naga magi (Snake:1)
  A smoke demon (Abyss:2)
  6 centaur zombies
  2 guardian serpents (Snake:1)
  A torpor snail (Lair:2)
  A gargoyle (D:13)
  10 black mambas
  An orange demon (Abyss:2)
  11 spiny frogs
  4 kobold demonologists
  9 komodo dragons
  6 starcursed masses (Abyss:2)
  An efreet (D:13)
  A yaktaur (D:12)
  A tengu conjurer (D:15)
  A rime drake (Lair:5)
  4 trolls
  3 ancient zymes (Abyss:2)
  A yaktaur skeleton (D:15)
  A troll (shapeshifter) (D:14)
  A polar bear (Lair:6)
  2 hornets
  7 dream sheep
  11 slime creatures
  2 raiju (Abyss:2)
  A spriggan zombie (D:15)
  7 hippogriffs
  12 blink frogs (Lair:5)
  2 ynoxinuls (Abyss:2)
  2 wraiths (D:12)
  3 large abominations (Abyss:2)
  32 yaks
  5 basilisks
  2 vampires
  A redback (Snake:1)
  7 wyverns
  2 hungry ghosts
  2 steam dragons
  9 vampire mosquitoes
  A chaos spawn (Abyss:2)
  A neqoxec (Abyss:2)
  9 nagas
  4 wargs
  8 swamp worms
  10 soldier ants
  Duvessa (D:6)
  7 water moccasins
  10 porcupines
  3 hell hounds (Lair:6)
  A swamp drake (Swamp:1)
  29 orc warriors
  A sky beast (D:11)
  5 ice beasts
  3 small abominations (Abyss:2)
  2 necrophages
  30 wolves
  15 ogres
  3 eyes of draining
  13 crocodiles
  12 centaurs
  12 big kobolds
  12 bullfrogs
  3 wyvern skeletons
  Dowan (D:6)
  4 scorpions
  9 killer bees
  5 wights
  6 howler monkeys
  6 crimson imps
  5 lava snakes (Lair:6)
  A bullfrog zombie (D:11)
  3 centaur skeletons
  5 hounds
  A jelly (shapeshifter) (D:7)
  11 jellies
  Crazy Yiuf (D:2)
  17 orc priests
  An iguana (D:10)
  31 orc wizards
  Natasha (twice) (D:2)
  36 worker ants
  A killer bee zombie (D:9)
  A hound zombie (D:7)
  A hound skeleton (D:6)
  8 mummies (Ossuary)
  A howler monkey zombie (D:7)
  20 gnolls
  15 adders
  4 shadow imps
  A white imp (Abyss:2)
  2 ufetubi (Abyss:2)
  An ooze (D:2)
  2 adder zombies
  An adder skeleton (D:10)
  2 worms
  A worm (shapeshifter) (D:8)
  A dart slug (D:3)
  5 leopard geckos
  74 orcs
  4 giant cockroaches
  6 goblins
  5 hobgoblins (D:1)
  8 jackals
  9 quokkas
  4 ball pythons
  A ball python skeleton (D:5)
  8 bats
  6 frilled lizards
  2 gnoll zombies (Ossuary)
  3 hobgoblin zombies (Ossuary)
  18 kobolds
  A kobold zombie (Ossuary)
  A leopard gecko zombie (D:5)
  2 orc zombies (Ossuary)
  A quokka skeleton (D:7)
  6 rats
  6 fungi
  A lurking horror (Abyss:2)
  12 plants
884 creatures vanquished.

Vanquished Creatures (others)
  An unseen horror (D:13)
  An orc (Orc:2)
  4 fungi
  2 plants
8 creatures vanquished.

Grand Total: 892 creatures vanquished

Notes
Turn   | Place    | Note
-------+----------+-------------------------------------------
     0 | D:1      | Kondratello the Formicid Fighter began the quest for the
                  | Orb.
     0 | D:1      | Reached XP level 1. HP: 18/18 MP: 1/1
   212 | D:1      | Reached XP level 2. HP: 25/25 MP: 2/2
   215 | D:1      | You fall through a shaft!
   347 | D:2      | Reached XP level 3. HP: 27/31 MP: 3/3
   716 | D:2      | Noticed Natasha
   728 | D:2      | Killed Natasha
   728 | D:2      | Reached skill level 5 in Fighting
   728 | D:2      | Reached XP level 4. HP: 26/39 MP: 4/4
   844 | D:2      | Found a runed door.
   919 | D:2      | Noticed Crazy Yiuf
   925 | D:2      | Killed Crazy Yiuf
   996 | D:2      | Found a sacrificial altar of Ru.
  1052 | D:2      | Noticed Natasha
  1055 | D:2      | Killed Natasha
  1055 | D:2      | Reached XP level 5. HP: 46/46 MP: 5/5
  2713 | D:4      | Reached XP level 6. HP: 53/53 MP: 6/6
  2885 | D:4      | Noticed an ogre
  2889 | D:4      | Killed an ogre
  3477 | D:5      | Entered Level 5 of the Dungeon
  3477 | D:5      | Found a hide-covered altar of Uskayaw.
  3477 | D:5      | Noticed a dagger
  3477 | D:5      | Noticed a dagger
  3480 | D:5      | Reached XP level 7. HP: 60/62 MP: 7/7
  3637 | D:5      | Found a burning altar of Makhleb.
  3638 | D:5      | Found a hazy altar of Hepliaklqana.
  3681 | D:5      | Reached skill level 5 in Shields
  4097 | D:6      | Noticed Duvessa
  4111 | D:6      | Killed Duvessa
  4111 | D:6      | Reached XP level 8. HP: 68/68 MP: 8/8
  4112 | D:6      | Noticed Dowan
  4118 | D:6      | Killed Dowan
  4171 | D:6      | Found a staircase to the Ecumenical Temple.
  4228 | Temple   | Entered the Ecumenical Temple
  4429 | Temple   | Became a worshipper of Warmaster Okawaru
  4535 | D:6      | Found a sand-covered staircase.
  4540 | Ossuary  | Entered an ossuary
  4730 | Ossuary  | Reached skill level 5 in Armour
  4743 | Ossuary  | Reached * piety under Okawaru
  4747 | Ossuary  | Reached XP level 9. HP: 53/74 MP: 9/9
  4919 | D:6      | Found a blossoming altar of Fedhas.
  5170 | D:5      | Killed a dagger
  5347 | D:7      | Reached ** piety under Okawaru
  5442 | D:7      | Found Fod Cem's Antique Weapon Shoppe.
  5729 | D:7      | Noticed a hornet
  5738 | D:7      | Killed a hornet
  5787 | D:7      | Found Onakeaff's Assorted Antiques.
  5858 | D:7      | Bought a faintly glowing battleaxe for 368 gold pieces
  5858 | D:7      | Identified the +12 battleaxe "Hitas" {chop, Int+3} (You
                  | bought it in a shop on level 7 of the Dungeon)
  6134 | D:7      | Bought a thin platinum amulet for 160 gold pieces
  6216 | D:8      | Reached skill level 10 in Armour
  6216 | D:8      | Reached XP level 10. HP: 80/80 MP: 10/10
  6225 | D:8      | Reached skill level 1 in Axes
  6250 | D:8      | Found a sparkling altar of Nemelex Xobeh.
  6259 | D:8      | Reached skill level 3 in Axes
  6266 | D:8      | Reached skill level 4 in Axes
  6274 | D:8      | Found a shattered altar of Ashenzari.
  6274 | D:8      | Found a bloodstained altar of Trog.
  6399 | D:8      | Reached *** piety under Okawaru
  6517 | D:8      | Reached skill level 5 in Axes
  6766 | D:8      | Reached skill level 6 in Axes
  7109 | D:9      | Found a staircase to the Lair.
  7110 | D:9      | Noticed a komodo dragon
  7136 | D:9      | Killed a komodo dragon
  7136 | D:9      | Reached skill level 7 in Axes
  7308 | D:9      | Reached **** piety under Okawaru
  7387 | D:9      | Reached skill level 8 in Axes
  7660 | D:10     | Entered Level 10 of the Dungeon
  7728 | D:10     | Reached XP level 11. HP: 80/86 MP: 11/11
  7801 | D:10     | Reached skill level 9 in Axes
  8441 | D:11     | Reached skill level 10 in Axes
  8459 | D:11     | Found Giulikhleq's Assorted Antiques.
  8603 | D:11     | Reached ***** piety under Okawaru
  8706 | D:11     | Reached skill level 11 in Axes
  8995 | D:12     | Found a staircase to the Orcish Mines.
  9041 | D:12     | Noticed a two-headed ogre
  9104 | D:12     | Killed a two-headed ogre
  9150 | D:12     | Noticed a deep elf mage
  9154 | D:12     | Noticed a manticore
  9155 | D:12     | Killed a deep elf mage
  9155 | D:12     | Reached skill level 12 in Axes
  9160 | D:12     | Killed a manticore
  9180 | D:12     | Noticed a deep elf mage
  9185 | D:12     | Killed a deep elf mage
  9206 | D:12     | Noticed a deep elf mage
  9206 | D:12     | Noticed a tengu warrior
  9213 | D:12     | Noticed a death knight
  9213 | D:12     | Noticed an orc knight
  9237 | D:12     | Killed an orc knight
  9237 | D:12     | Reached XP level 12. HP: 92/92 MP: 4/12
  9246 | D:12     | Killed a death knight
  9246 | D:12     | Received a gift from Okawaru
  9249 | D:12     | Reached skill level 13 in Axes
  9380 | D:12     | Noticed a cyan very ugly thing
  9390 | D:12     | Killed a cyan very ugly thing
  9390 | D:12     | Reached ****** piety under Okawaru
  9504 | D:12     | Noticed a cyan very ugly thing
  9504 | D:12     | Noticed a tengu warrior
  9520 | D:12     | Killed a cyan very ugly thing
  9520 | D:12     | Reached skill level 14 in Axes
  9529 | D:12     | Killed a tengu warrior
  9701 | D:12     | Noticed a tengu warrior
  9727 | D:12     | Killed a tengu warrior
  9727 | D:12     | Received a gift from Okawaru
  9806 | D:12     | Noticed a two-headed ogre
  9808 | D:12     | Found Xozib's Food Shop.
  9833 | D:12     | Killed a two-headed ogre
  9874 | D:12     | Cast into level 2 of the Abyss (a wizard)
  9875 | Abyss:2  | Noticed a great orb of eyes
  9876 | Abyss:2  | Killed a great orb of eyes
  9876 | Abyss:2  | Reached skill level 15 in Axes
  9886 | Abyss:2  | Reached XP level 13. HP: 62/98 MP: 10/13
  9895 | Abyss:2  | Got a faintly humming chain mail
  9951 | Abyss:2  | Received a gift from Okawaru
 10095 | Abyss:2  | Noticed a starcursed mass
 10109 | Abyss:2  | Received a gift from Okawaru
 10229 | Abyss:2  | Noticed a starcursed mass
 10244 | Abyss:2  | Reached skill level 16 in Axes
 10250 | Abyss:2  | Killed a starcursed mass
 10371 | Abyss:2  | Noticed a deep elf sorcerer
 10389 | Abyss:2  | Killed a deep elf sorcerer
 10480 | D:12     | Escaped the Abyss
 10653 | D:12     | Reached skill level 17 in Axes
 10772 | D:12     | Identified the +7 chain mail of Unambiguity {rC+ rCorr
                  | Str+4} (You found it on level 2 of the Abyss)
 10850 | D:13     | Noticed a centaur warrior
 10857 | D:13     | Killed a centaur warrior
 10908 | D:13     | Noticed a vault guard
 10910 | D:13     | Noticed a vault guard
 10913 | D:13     | Noticed a centaur warrior
 10916 | D:13     | Noticed a vault guard
 10916 | D:13     | Found a gate to the Vaults.
 10933 | D:13     | Killed a vault guard
 10939 | D:13     | Killed a vault guard
 10941 | D:13     | Killed a centaur warrior
 10948 | D:13     | Killed a vault guard
 10948 | D:13     | Reached XP level 14. HP: 105/105 MP: 1/14
 10950 | D:13     | Received a gift from Okawaru
 11000 | D:13     | Reached skill level 18 in Axes
 11350 | D:13     | Found a roughly hewn altar of Beogh.
 11542 | D:13     | Noticed an entropy weaver
 11544 | D:13     | Noticed an entropy weaver
 11562 | D:13     | Killed an entropy weaver
 11572 | D:13     | Killed an entropy weaver
 11573 | D:13     | Reached skill level 19 in Axes
 11978 | D:14     | Received a gift from Okawaru
 11984 | D:14     | Got a scorched war axe {god gift}
 11987 | D:14     | Identified the +1 war axe of Beihil {chop, +Blink MR+++
                  | Int-5 Stlth+} (Okawaru gifted it to you on level 14 of the
                  | Dungeon)
 12606 | D:15     | Entered Level 15 of the Dungeon
 12780 | D:15     | Found a staircase to the Depths.
 12788 | D:15     | Received a gift from Okawaru
 12800 | D:15     | Reached XP level 15. HP: 106/110 MP: 15/15
 12830 | D:15     | Got a polished large shield {god gift}
 12841 | D:15     | Reached skill level 20 in Axes
 12852 | D:15     | Identified the +0 large shield "Halyroy" {Slay+6} (Okawaru
                  | gifted it to you on level 15 of the Dungeon)
 13580 | Orc:1    | Entered Level 1 of the Orcish Mines
 13580 | Orc:1    | Noticed Fannar
 13605 | Orc:1    | Killed Fannar
 13650 | Orc:1    | Received a gift from Okawaru
 13906 | Orc:2    | Entered Level 2 of the Orcish Mines
 13906 | Orc:2    | Found a staircase to the Elven Halls.
 13922 | Orc:2    | Noticed an orc warlord
 13941 | Orc:2    | Killed an orc warlord
 14041 | Orc:2    | Found Setim's Book Emporium.
 14443 | Orc:2    | Noticed an orc warlord
 14474 | Orc:2    | Killed an orc warlord
 14633 | Orc:2    | Found Naric's Magic Scroll Shoppe.
 14657 | Orc:2    | Found a radiant altar of Vehumet.
 14658 | Orc:2    | Noticed Erolcha
 14671 | Orc:2    | Killed Erolcha
 14692 | Orc:2    | Noticed Nergalle
 14695 | Orc:2    | Found an ancient bone altar of Kikubaaqudgha.
 14702 | Orc:2    | Killed Nergalle
 14725 | Orc:2    | Reached XP level 16. HP: 117/117 MP: 16/16
 14774 | Orc:2    | Found a roughly hewn altar of Beogh.
 14774 | Orc:2    | Found Tik Ipto's Antique Weapon Shoppe.
 14777 | Orc:2    | Found Basches's Magic Scroll Emporium.
 14807 | Orc:2    | Found Hocug's Gadget Shoppe.
 14812 | Orc:2    | Bought a scroll of acquirement for 572 gold pieces
 15119 | Lair:1   | Entered Level 1 of the Lair of Beasts
 15707 | Lair:2   | Reached skill level 15 in Armour
 15873 | Lair:2   | Received a gift from Okawaru
 15951 | Lair:2   | Found a runed gate.
 15951 | Lair:2   | Found a runed gate.
 15951 | Lair:2   | Found a runed gate.
 15952 | Lair:2   | Noticed definar's ghost (journeyman MiBe)
 16029 | Lair:2   | Found a viscous altar of Jiyva.
 16075 | Lair:2   | Killed definar's ghost
 17568 | Lair:4   | Found a staircase to the Snake Pit.
 18086 | Lair:4   | Found a staircase to the Swamp.
 18226 | Lair:5   | Reached skill level 10 in Fighting
 18332 | Lair:5   | Reached skill level 10 in Shields
 18489 | Lair:5   | Received a gift from Okawaru
 18490 | Lair:5   | Got a brightly glowing war axe {god gift}
 18491 | Lair:5   | Identified the +1 war axe of Qodotsih {chaos, +Inv rN+
                  | Dex+4} (Okawaru gifted it to you on level 5 of the Lair of
                  | Beasts)
 18762 | Lair:6   | Entered Level 6 of the Lair of Beasts
 19296 | Lair:6   | Reached XP level 17. HP: 116/128 MP: 17/17
 19413 | Lair:6   | Found a large runed door.
 19414 | Lair:6   | Found a large runed door.
 19549 | Lair:6   | Found a staircase to the Slime Pits.
 19550 | Lair:6   | Found a viscous altar of Jiyva.
 19563 | Lair:6   | Got a vibrating marble ring
 19652 | Lair:6   | Received a gift from Okawaru
 19940 | Lair:6   | Identified the ring of Cihogi {rF+ rN+} (You found it on
                  | level 6 of the Lair of Beasts)
 19987 | Snake:1  | Entered Level 1 of the Snake Pit
 19987 | Snake:1  | Found Jiah's Food Boutique.
 21650 | Snake:1  | Got a vibrating jade amulet
 21652 | Snake:1  | Identified the amulet "Home" {Spirit MR- Int+3 Dex-3
                  | Slay+5} (You acquired it on level 1 of the Snake Pit)
 21653 | Snake:1  | Gained mutation: Your spells are a little easier to cast,
                  | but a little less powerful. [potion of mutation]
 21653 | Snake:1  | Gained mutation: Your mind is acute. (Int +2) [potion of
                  | mutation]
 21653 | Snake:1  | Gained mutation: You passively map a small area around you.
                  | [potion of mutation]
 21718 | Swamp:1  | Entered Level 1 of the Swamp
 22014 | Swamp:1  | Slain by a titanic slime creature

Skill      XL: |  1  2  3  4  5  6  7  8  9 10 11 12 13 14 15 16 17 |
---------------+----------------------------------------------------+-----
Fighting       | 4 5 6 8 10 | 10.0
Shields        | 4 7 9 11 14 | 14.7
Armour         | 5 10 14 16 | 16.0
Axes           | 8 12 15 17 19 20 | 20.0
Staves         | |  2.0

Action                   |  1- 3 |  4- 6 |  7- 9 | 10-12 | 13-15 | 16-18 || total
-------------------------+-------+-------+-------+-------+-------+-------++-------
Melee: Quarterstaff      |    53 |   118 |   273 |   119 |       |    14 ||   577
       Battleaxe         |       |       |       |   295 |   700 |   524 ||  1519
Invok: Heroism           |       |       |       |     6 |     7 |     7 ||    20
       Finesse           |       |       |       |     1 |       |       ||     1
 Abil: Shaft Self        |     1 |       |       |       |       |       ||     1
       Dig               |       |     2 |     6 |     8 |     5 |    15 ||    36
Evoke: Wand              |       |       |       |     4 |       |     2 ||     6
  Use: Scroll            |       |       |    15 |       |     2 |     1 ||    18
       Potion            |       |       |       |     1 |       |     5 ||     6
 Stab: Paralysed         |       |     2 |     1 |     1 |       |       ||     4
       Confused          |       |       |     2 |       |       |       ||     2
       Sleeping          |       |       |       |     2 |       |       ||     2
       Distracted        |       |       |       |       |     1 |       ||     1
  Eat: Chunk             |       |     4 |     9 |    13 |    17 |    16 ||    59
       Ration            |       |     1 |       |     1 |       |     3 ||     5
Armor: Scale mail        |    27 |    49 |    62 |       |       |       ||   138
       Chain mail        |       |       |    66 |    53 |   141 |       ||   260
       Plate armour      |       |       |       |   151 |       |       ||   151
       Pearl dragon scal |       |       |       |     9 |    54 |       ||    63
       Crystal plate arm |       |       |       |       |    33 |   368 ||   401
Dodge: Dodged            |    20 |    35 |    83 |   121 |   118 |    74 ||   451
Block: Shield            |    28 |    58 |   163 |   263 |   169 |       ||   681
       Large shield      |       |       |       |       |   164 |   446 ||   610
